 Dungeon Sprint DCSS version 0.31-a0-43-g46d131a48f (webtiles) character file.

Game seed: 15619091200471865064

900000 bmack86 the Firebug (level 1, -57/13 HPs)
             Began as a Demonspawn Fire Elementalist on May 19, 2023.
             Was a Follower of Makhleb.
             Annihilated by a meat berserker
             ... wielding a +9 battleaxe
              (70 damage)
             ... in the Dungeon (Sprint VIII: "Arena of Blood").
             The game lasted 00:00:13 (9 turns).

bmack86 the Firebug (Demonspawn Fire Elementalist)     Turns: 9, Time: 00:00:13

Health: -57/13     AC:  2    Str:  8    XL:     1   Next: 0%
Magic:  3/3        EV: 12    Int: 16    God:    Makhleb [*.....]
Gold:   0          SH:  0    Dex: 13    Spells: 3/4 levels left

rFire   . . .        h - +∞ Axe of Woe
rCold   . . .        (shield currently unavailable)
rNeg    . . .        a - +0 robe
rPois   .            (no helmet)
rElec   .            (no cloak)
rCorr   .            (no gloves)
SInv    .            (no boots)
Will    .....        (no amulet)
Stlth   ++           (no ring)
HPRegen 0.22/turn    (no ring)
MPRegen 0.08/turn

%: no teleportation
@: no status effects
A: no striking features
a: Renounce Religion


You were in the Dungeon.
You worshipped Makhleb.
Makhleb was aware of your devotion.
You visited 1 branch

Inventory:

Hand Weapons
 h - the +∞ Axe of Woe (weapon)
   (You found it in the Dungeon)
Armour
 a - a +0 robe (worn)
Scrolls
 g - a scroll of blinking
Potions
 b - 3 potions of magic
 c - a potion of curing
 d - a potion of heal wounds
 e - a potion of haste
 f - a potion of berserk rage


   Skills:
 + Level 1.7 Dodging
 + Level 1.7 Stealth
 + Level 2.0 Spellcasting
 + Level 1.0 Conjurations
 + Level 2.6 Fire Magic


You had 3 spell levels left.
You knew the following spells:

 Your Spells              Type           Power      Damage    Failure   Level
a - Foxfire               Conj/Fire      28%        2x1d5     10%         1

Your spell library contained the following spells:

 Spells                   Type           Power      Damage    Failure   Level
 Scorch                   Fire           20%        2d6       11%         2
 Inner Flame              Hex/Fire       5%         N/A       34%         3
 Volatile Blastmotes      Fire/Tloc      10%        2d10      34%         3
 Flame Wave               Conj/Fire      7%         2d5       67%         4


Dungeon Overview and Level Annotations

Branches:
Dungeon (1/1)

Altars:
Makhleb


Message History

Press ? for a list of commands and other information.
Found the +∞ Axe of Woe.
Found four burning altars of Makhleb.
Found a staircase leading out of the dungeon.
h - the +∞ Axe of Woe (weapon)
You hear a shout! x4
You hear a shout! x11
There is a burning altar of Makhleb here.
You kneel at the altar of Makhleb.
Makhleb welcomes you!
You hear a shout! x5
You hear a shout! x9 3 bags of meat come into view.
The bag of meat shouts! x2; You hear a shout! x2
A meat berserker comes into view. It is wielding a +9 battleaxe.
You hear a shout! x8
The meat berserker moves out of view.
A bag of meat comes into view. It is wielding a +9 war axe.
The bag of meat shouts!
You hear a shout! x12
A bag of meat comes into view. It is wielding a +9 war axe.
The bag of meat shouts!
You hear a shout! x9
The bag of meat moves out of view.
You hear a shout! 3 bags of meat come into view.
The bag of meat shouts!
You hear a shout! x9
A meat berserker comes into view. It is wielding a +9 battleaxe.
You hear a shout! x3
A bag of meat comes into view. It is wielding a +9 war axe.
You hear a shout! x2
The bag of meat shouts! x2
You slash the bag of meat!
You cleave the bag of meat in twain.
You kill the bag of meat!
Makhleb accepts your kill.
You hit the bag of meat.
You cleave the bag of meat in twain.
You kill the bag of meat!
Makhleb accepts your kill.
You can now gain health from killing.
You hear a shout! x8
The meat berserker hits you with a +9 battleaxe!!!
Ouch! That really hurt!
You die...

o......o..#.#..
.Oo............
#.o............
#.............
.o...........
...........
#..)....# ..
#.@)....#
...###.O.....###.
........###......
#........_......
.....o#.....#..
....o.#_.<._#
......#.....#
#........_......
........###......


You could see 2 meat berserkers and 7 bags of meat.

Vanquished Creatures
  2 orcs (D)
2 creatures vanquished.

Notes
Turn   | Place    | Note
-------+----------+-------------------------------------------
     0 | D        | Found the +∞ Axe of Woe
     0 | D        | bmack86 the Demonspawn Fire Elementalist began the quest
                  | for the Orb.
     0 | D        | Reached XP level 1. HP: 13/13 MP: 3/3
     3 | D        | Became a worshipper of Makhleb the Destroyer
     5 | D        | Noticed a bag of meat
     5 | D        | Noticed a bag of meat
     5 | D        | Noticed a bag of meat
     5 | D        | Noticed a meat berserker
     6 | D        | Noticed a bag of meat
     7 | D        | Noticed a bag of meat
     8 | D        | Noticed a bag of meat
     8 | D        | Noticed a bag of meat
     8 | D        | Noticed a bag of meat
     8 | D        | Noticed a meat berserker
     8 | D        | Noticed a bag of meat
     9 | D        | Killed a bag of meat
     9 | D        | Killed a bag of meat
     9 | D        | Reached * piety under Makhleb
     9 | D        | Annihilated by a meat berserker

Illustrated notes

Levels and vault maps discovered:
D:        meatsprint

Action                     || total
---------------------------++-------
  Melee: Executioner's axe ||     1

Table legend: (Time is in decaauts)
 A = Elapsed time spent in this place.
 B = Non-inter-level travel time spent in this place.
 C = Inter-level travel time spent in this place.
 D = Time resting spent in this place.
 E = Time spent auto-exploring this place.
 F = Levels seen in this place.
 G = Mean time per level.
                   A        B        C        D        E       F      G
               +--------+--------+--------+--------+--------+-----+--------+
         Total |      8 |      8 |      0 |      0 |      0 |   1 |    8.0 |
       Dungeon |      8 |      8 |      0 |      0 |      0 |   1 |    8.0 |
               +--------+--------+--------+--------+--------+-----+--------+

Top non-repeatable levels by time:
       D: 8 daAuts
